3A
KENNESAW JETS @ NIAGARA FALLS EXPOS
06/10/2021
 
TOP OF THE 1ST
Kennesaw Jets batting - Pitching for Niagara Falls Expos : RHP Ramón Molina
Pitching: RHP Ramón Molina
Batting: RHB Miguel Angel González 0-0: Foul Ball, location: 2F
0-1: Ground out 5-3 (Groundball, 56)
Batting: RHB Juan Sandoval 0-0: Called Strike
0-1: Ball
1-1: Foul Ball, location: 2F
1-2: Ball
2-2: Foul Ball, location: 2F
2-2: Strikes out swinging
Batting: RHB José Ramos 0-0: Called Strike
0-1: Swinging Strike
0-2: Ball
1-2: Strikes out swinging
Top of the 1st over - 0 run(s), 0 hit(s), 0 error(s), 0 left on base; Kennesaw 0 - Niagara Falls 0
BOTTOM OF THE 1ST
Niagara Falls Expos batting - Pitching for Kennesaw Jets : RHP Dominic Parker
Pitching: RHP Dominic Parker
Batting: RHB Michael Peterson 0-0: Ball
1-0: Ground out 4-3 (Groundball, 4)
Batting: RHB Albert Díaz 0-0: Swinging Strike
0-1: Foul Ball, location: 2F
0-2: Strikes out looking
Batting: RHB Bronson Nicholls 0-0: Ball
1-0: Foul Ball, location: 2F
1-1: Ball
2-1: Foul Ball, location: 2F
2-2: Strikes out swinging
Bottom of the 1st over - 0 run(s), 0 hit(s), 0 error(s), 0 left on base; Kennesaw 0 - Niagara Falls 0
TOP OF THE 2ND
Kennesaw Jets batting - Pitching for Niagara Falls Expos : RHP Ramón Molina
Batting: RHB Abdul-Fattah bin Najjar 0-0: Foul Ball, location: 2F
0-1: Ball
1-1: Swinging Strike
1-2: Foul Ball, location: 2F
1-2: Ball
2-2: Ball
3-2: Strikes out swinging
Batting: RHB Andrés Sánchez 0-0: Called Strike
0-1: Called Strike
0-2: Ball
1-2: Strikes out swinging
Batting: RHB Raúl Javier Jr. 0-0: Ball
1-0: Called Strike
1-1: Hit by Pitch
Batting: RHB Carlos Ávila 0-0: Called Strike
0-1: Swinging Strike
0-2: Strikes out swinging
Top of the 2nd over - 0 run(s), 0 hit(s), 0 error(s), 1 left on base; Kennesaw 0 - Niagara Falls 0
BOTTOM OF THE 2ND
Niagara Falls Expos batting - Pitching for Kennesaw Jets : RHP Dominic Parker
Batting: RHB Chuck Wolf 0-0: Fly out, F6 (Popup, 6MS)
Batting: SHB Janghyun Sam 0-0: Called Strike
0-1: Ball
1-1: Ground out 4-3 (Groundball, 4)
Batting: RHB António Gonzáles 0-0: Fly out, F4 (Popup, 13)
Bottom of the 2nd over - 0 run(s), 0 hit(s), 0 error(s), 0 left on base; Kennesaw 0 - Niagara Falls 0
TOP OF THE 3RD
Kennesaw Jets batting - Pitching for Niagara Falls Expos : RHP Ramón Molina
Batting: LHB Jim Unknown 0-0: Fly out, F8 (Line Drive, 8LM)
Batting: RHB Jim Unknown 0-0: Called Strike
0-1: Ball
1-1: Ball
2-1: Called Strike
2-2: Foul Ball, location: 2F
2-2: Foul Ball, location: 2F
2-2: Fly out, F8 (Flyball, 8RM)
Batting: RHB Miguel Angel González 0-0: Called Strike
0-1: Ball
1-1: Ball
2-1: Foul Ball, location: 2F
2-2: Strikes out swinging
Top of the 3rd over - 0 run(s), 0 hit(s), 0 error(s), 0 left on base; Kennesaw 0 - Niagara Falls 0
BOTTOM OF THE 3RD
Niagara Falls Expos batting - Pitching for Kennesaw Jets : RHP Dominic Parker
Batting: RHB Henry Womack 0-0: Ball
1-0: Called Strike
1-1: Ball
2-1: SINGLE (Flyball, 78S)
Batting: SHB Michel Perrin 0-0: Fly out, F5 (Popup, 25F)
Batting: RHB Juan Andrade 0-0: Ball
1-0: Ball
2-0: Called Strike
2-1: Ball
3-1: Foul Ball, location: 2F
3-2: Foul Ball, location: 2F
3-2: Foul Ball, location: 2F
3-2: Fly out, F8 (Flyball, 8RM)
Batting: RHB Michael Peterson 0-0: Swinging Strike
0-1: Ball
Henry Womack is caught stealing 2nd base
Bottom of the 3rd over - 0 run(s), 1 hit(s), 0 error(s), 0 left on base; Kennesaw 0 - Niagara Falls 0
TOP OF THE 4TH
Kennesaw Jets batting - Pitching for Niagara Falls Expos : RHP Ramón Molina
Batting: RHB Juan Sandoval 0-0: Foul Ball, location: 2F
0-1: Called Strike
0-2: Strikes out swinging
Batting: RHB José Ramos 0-0: Fly out, F9 (Flyball, 89M)
Batting: RHB Abdul-Fattah bin Najjar 0-0: Ball
1-0: Called Strike
1-1: Fly out, F9 (Line Drive, 9LM)
Top of the 4th over - 0 run(s), 0 hit(s), 0 error(s), 0 left on base; Kennesaw 0 - Niagara Falls 0
BOTTOM OF THE 4TH
Niagara Falls Expos batting - Pitching for Kennesaw Jets : RHP Dominic Parker
Batting: RHB Michael Peterson 0-0: Ball
1-0: Ball
2-0: Called Strike
2-1: Ball
3-1: Base on Balls
Batting: RHB Albert Díaz 0-0: Foul Ball, location: 2F
0-1: Ball
1-1: Fly out, F8 (Flyball, 8LM)
Batting: RHB Bronson Nicholls 0-0: Ball
1-0: Foul Ball, location: 2F
1-1: Grounds into double play, 4-6-3 (Groundball, 4)
Bottom of the 4th over - 0 run(s), 0 hit(s), 0 error(s), 0 left on base; Kennesaw 0 - Niagara Falls 0
TOP OF THE 5TH
Kennesaw Jets batting - Pitching for Niagara Falls Expos : RHP Ramón Molina
Batting: RHB Andrés Sánchez 0-0: Called Strike
0-1: Called Strike
0-2: Ball
1-2: Strikes out looking
Batting: RHB Raúl Javier Jr. 0-0: Swinging Strike
0-1: Foul Ball, location: 2F
0-2: Ball
1-2: Ground out 6-3 (Groundball, 6)
Batting: RHB Carlos Ávila 0-0: Called Strike
0-1: Foul Ball, location: 2F
0-2: Ground out 5-3 (Groundball, 56S)
Top of the 5th over - 0 run(s), 0 hit(s), 0 error(s), 0 left on base; Kennesaw 0 - Niagara Falls 0
BOTTOM OF THE 5TH
Niagara Falls Expos batting - Pitching for Kennesaw Jets : RHP Dominic Parker
Batting: RHB Chuck Wolf 0-0: Called Strike
0-1: Ball
1-1: Swinging Strike
1-2: Foul Ball, location: 2F
1-2: Ball
2-2: Ball
3-2: Strikes out swinging
Batting: SHB Janghyun Sam 0-0: Called Strike
0-1: Fly out, F8 (Flyball, 8RM)
Batting: RHB António Gonzáles 0-0: Called Strike
0-1: Called Strike
0-2: Foul Ball, location: 2F
0-2: Foul Ball, location: 2F
0-2: Ball
1-2: Ball
2-2: Ball
3-2: Base on Balls
Batting: RHB Henry Womack 0-0: Ball
1-0: Called Strike
1-1: SINGLE (Groundball, 4D)
António Gonzáles to second
Runner from 2nd tries for 3rd, OUT!
Bottom of the 5th over - 0 run(s), 1 hit(s), 0 error(s), 1 left on base; Kennesaw 0 - Niagara Falls 0
TOP OF THE 6TH
Kennesaw Jets batting - Pitching for Niagara Falls Expos : RHP Ramón Molina
Batting: LHB Jim Unknown 0-0: Called Strike
0-1: Ball
1-1: Ball
2-1: Foul Ball, location: 2F
2-2: Ball
3-2: Ground out 4-3 (Groundball, 4)
Batting: RHB Jim Unknown 0-0: Called Strike
0-1: Reached on error, E1 (Groundball, 23)
Batting: RHB Miguel Angel González 0-0: Called Strike
0-1: Fly out, F7 (Flyball, 78M)
Batting: RHB Juan Sandoval 0-0: Foul Ball, location: 2F
0-1: Ball
1-1: Foul Ball, location: 2F
1-2: Foul Ball, location: 2F
1-2: Fly out, F8 (Flyball, 8LM)
Top of the 6th over - 0 run(s), 0 hit(s), 1 error(s), 1 left on base; Kennesaw 0 - Niagara Falls 0
BOTTOM OF THE 6TH
Niagara Falls Expos batting - Pitching for Kennesaw Jets : RHP Dominic Parker
Batting: SHB Michel Perrin 0-0: Ball
1-0: Called Strike
1-1: Foul Ball, location: 2F
1-2: Strikes out swinging
Batting: RHB Juan Andrade 0-0: Ball
1-0: Ball
2-0: Called Strike
2-1: Foul Ball, location: 2F
2-2: Ground out 5-3 (Groundball, 56)
Batting: RHB Michael Peterson 0-0: Called Strike
0-1: Swinging Strike
0-2: Strikes out swinging
Bottom of the 6th over - 0 run(s), 0 hit(s), 0 error(s), 0 left on base; Kennesaw 0 - Niagara Falls 0
TOP OF THE 7TH
Kennesaw Jets batting - Pitching for Niagara Falls Expos : RHP Ramón Molina
Batting: RHB José Ramos 0-0: Called Strike
0-1: Swinging Strike
0-2: Foul Ball, location: 2F
0-2: Ball
1-2: Strikes out looking
Batting: RHB Abdul-Fattah bin Najjar 0-0: Ball
1-0: Called Strike
1-1: Foul Ball, location: 2F
1-2: Strikes out swinging
Batting: RHB Andrés Sánchez 0-0: Ground out 5-3 (Groundball, 5)
Top of the 7th over - 0 run(s), 0 hit(s), 0 error(s), 0 left on base; Kennesaw 0 - Niagara Falls 0
BOTTOM OF THE 7TH
Niagara Falls Expos batting - Pitching for Kennesaw Jets : RHP Dominic Parker
Batting: RHB Albert Díaz 0-0: Ball
1-0: Ball
2-0: Ball
3-0: Called Strike
3-1: Called Strike
3-2: Base on Balls
Pitching: LHP Doug Evans
Batting: RHB Bronson Nicholls 0-0: Ball
1-0: Swinging Strike
1-1: Ball
2-1: Foul Ball, location: 2F
2-2: Foul Ball, location: 2F
2-2: Strikes out swinging
Batting: RHB Chuck Wolf 0-0: Called Strike
0-1: Called Strike
0-2: Strikes out swinging
Pinch Hitting: LHB Jorge Borbón 0-0: Ball
1-0: Ball
2-0: Ball
3-0: Called Strike
3-1: Fly out, F9 (Flyball, 89D)
Bottom of the 7th over - 0 run(s), 0 hit(s), 0 error(s), 1 left on base; Kennesaw 0 - Niagara Falls 0
TOP OF THE 8TH
Kennesaw Jets batting - Pitching for Niagara Falls Expos : RHP Ramón Molina
Now at SS: Tony Martínez
Batting: RHB Raúl Javier Jr. 0-0: Ground out 4-3 (Groundball, 4)
Pinch Hitting: RHB Jim Unknown 0-0: Called Strike
0-1: Foul Ball, location: 2F
0-2: Ball
1-2: Ball
2-2: Ball
3-2: Strikes out looking
Batting: LHB Jim Unknown 0-0: Called Strike
0-1: Ball
1-1: Swinging Strike
1-2: Strikes out swinging
Top of the 8th over - 0 run(s), 0 hit(s), 0 error(s), 0 left on base; Kennesaw 0 - Niagara Falls 0
BOTTOM OF THE 8TH
Niagara Falls Expos batting - Pitching for Kennesaw Jets : LHP Doug Evans
Now in RF: Jim Unknown
Batting: RHB António Gonzáles 0-0: Ball
1-0: Called Strike
1-1: Ball
2-1: SINGLE (Groundball, 6MD)
Batting: RHB Henry Womack 0-0: Bunted foul
0-1: Bunt missed!
0-2: Fly out, F2 (Popup, 2RF)
Batting: SHB Michel Perrin 0-0: Ball
1-0: Swinging Strike
1-1: Ball
2-1: Ball
3-1: SINGLE (Groundball, 6MD) (infield hit)
António Gonzáles to second
Batting: RHB Juan Andrade 0-0: Ball
1-0: SINGLE (Groundball, 56D)
António Gonzáles to third
Michel Perrin to second
Runner from 3rd tries for Home, SAFE, no throw or cutoff
Batting: RHB Michael Peterson 0-0: Ball
1-0: Ball
2-0: Ball
3-0: Called Strike
3-1: Base on Balls
Michel Perrin to third
Juan Andrade to second
Batting: RHB Albert Díaz 0-0: Called Strike
0-1: Ball
1-1: Foul Ball, location: 2F
1-2: Ball
2-2: Foul Ball, location: 2F
2-2: Ball
3-2: Base on Balls
Michel Perrin scores
Juan Andrade to third
Michael Peterson to second
Batting: RHB Bronson Nicholls 0-0: SINGLE (Groundball, 6MD)
Juan Andrade scores
Michael Peterson to third
Albert Díaz to second
Pitching: LHP Phil Miller
Batting: RHB Chuck Wolf 0-0: Grounds into double play, 4-6-3 (Groundball, 4M)
Bottom of the 8th over - 3 run(s), 4 hit(s), 0 error(s), 2 left on base; Kennesaw 0 - Niagara Falls 3
TOP OF THE 9TH
Kennesaw Jets batting - Pitching for Niagara Falls Expos : RHP Ramón Molina
Batting: RHB Jim Unknown 0-0: SOLO HOME RUN (Flyball, 78XD), Distance : 417 ft
Pitching: RHP Steve Brown
Batting: RHB Miguel Angel González 0-0: Called Strike
0-1: Called Strike
0-2: Strikes out swinging
Batting: RHB Juan Sandoval 0-0: Ball
1-0: Ball
2-0: Called Strike
2-1: Fly out, F8 (Flyball, 8RS)
Batting: RHB José Ramos 0-0: Fly out, F7 (Flyball, 7LM)
Top of the 9th over - 1 run(s), 1 hit(s), 0 error(s), 0 left on base; Kennesaw 1 - Niagara Falls 3
This league is powered by Out of the Park Baseball, the baseball management simulation game for PC, Mac and Linux
Friday, January 22nd, 2016 - OOTP Baseball 16.9 Build 39